 Dungeon Crawl Stone Soup version 0.30-a0-782-ge64f9170bb (webtiles) character file.

Game seed: 16566051639387551637

32 Crownlay the Shield-Bearer (level 3, 36/36 HPs)
             Began as a Troll Fighter on Feb 27, 2023.
             Quit the game on level 2 of the Dungeon.
             The game lasted 00:01:36 (743 turns).

Crownlay the Shield-Bearer (Troll Fighter)           Turns: 743, Time: 00:01:37

Health: 36/36      AC:  4    Str: 24    XL:     3   Next: 10%
Magic:  2/2        EV:  8    Int:  4    God:
Gold:   81         SH:  8    Dex: 11    Spells: 2/2 levels left

rFire   . . .      SeeInvis .      - Unarmed
rCold   . . .      Faith    .    b - +0 kite shield
rNeg    . . .      Spirit   .    a - +0 robe
rPois   .          Reflect  .    (helmet restricted)
rElec   .          Harm     .    (no cloak)
rCorr   .          Rampage  .    (gloves unavailable)
Will    .....                    (boots unavailable)
Stlth   +                        (no amulet)
HPRegen 1.06/turn                (no ring)
MPRegen 0.08/turn                (no ring)

@: no status effects
A: large, unfitting armour, claws 3, regeneration 1, shaggy fur 1, tough skin 1
a: no special abilities


You were on level 2 of the Dungeon.
You visited 1 branch of the dungeon, and saw 2 of its levels.

You collected 81 gold pieces.

Inventory:

Armour
 a - a +0 robe (worn)
 b - a +0 kite shield (worn)
Scrolls
 d - a scroll of immolation {unknown}
 g - a scroll of identify {unknown}
Potions
 c - a potion of might
 e - 2 potions of flight {unknown}
 f - a potion of lignification {unknown}
 h - a potion of berserk rage {unknown}


   Skills:
 + Level 2.7 Fighting
 - Level 2.4 Dodging
 + Level 3.0 Shields
 * Level 2.9 Unarmed Combat


You had 2 spell levels left.
You didn't know any spells.
Your spell library contained the following spells:

 Spells                   Type           Power      Damage    Failure   Level
 Beastly Appendage        Tmut           0%         N/A       80%         1
 Wereblood                Tmut           0%         N/A       90%         2
 Spider Form              Tmut/Pois      0%         N/A       99%         3


Dungeon Overview and Level Annotations

Branches:
Dungeon (2/15)

Altars:
Hepliaklqana


Innate Abilities, Weirdness & Mutations

You are too large for most types of armour.
You have claws for hands.
Your natural rate of healing is unusually fast.
You are covered in fur. (AC +1)
You have tough skin. (AC +1)


Message History

You block the bat's attack.
You claw the bat!
You kill the bat!
No target in view!
You see here an adder corpse.
You now have 69 gold pieces (gained 12).
A hobgoblin comes into view.
The hobgoblin shouts!
A hobgoblin is nearby!
A hobgoblin is nearby!
A hobgoblin is nearby!
Found a fizzy purple potion.
The hobgoblin hits you but does no damage.
You scratch the hobgoblin.
The hobgoblin is heavily wounded.
The hobgoblin hits you.
You barely miss the hobgoblin.
The hobgoblin is heavily wounded.
The hobgoblin hits you.
You scratch the hobgoblin.
The hobgoblin is severely wounded.
The hobgoblin hits you.
You claw the hobgoblin!
You kill the hobgoblin!
No target in view!
No target in view!
No target in view!
No target in view!
HP restored.
You see here a hobgoblin corpse.
Found a stone staircase leading down.
You now have 81 gold pieces (gained 12).
e - 2 fizzy blue potions (gained 1)
h - a fizzy purple potion A ball python comes into view.
The ball python hisses angrily.
A ball python is nearby!
A ball python is nearby!
Okay, then.
Are you sure you want to abandon this character and quit the game? (Confirm with "yes".)

#........##
.# #....###.#
.. #.... #.#
#.... #.#
#.>..###.#
#....#...#
###..#.###
#......###
##.#.#..@#
#...###.....#
##### ###.#.#
.# . .S ..
...


You could see a ball python.

Vanquished Creatures
  An adder (D:2)
  A dart slug (D:1)
  A ball python (D:1)
  A bat (D:2)
  5 endoplasms (D:1)
  2 giant cockroaches
  2 hobgoblins
  A quokka (D:1)
  A frilled lizard (D:1)
  A goblin (D:1)
  2 kobolds
  2 rats (D:1)
20 creatures vanquished.

Notes
Turn   | Place    | Note
-------+----------+-------------------------------------------
     0 | D:1      | Crownlay the Troll Fighter began the quest for the Orb.
     0 | D:1      | Reached XP level 1. HP: 22/22 MP: 0/0
    98 | D:1      | Reached XP level 2. HP: 28/29 MP: 1/1
   679 | D:2      | Found a hazy altar of Hepliaklqana.
   692 | D:2      | Reached skill level 3 in Shields
   692 | D:2      | Reached XP level 3. HP: 36/36 MP: 2/2
   743 | D:2      | Quit the game

Illustrated notes

Levels and vault maps discovered:
D:1:      onia_arrival_handbag, layout_basic
D:2:      layout_rooms, basic_altar, minmay_joined_circles

Skill      XL: |  1  2 |
---------------+-------+-----
Shields        | 3 |  3.0
Fighting       | |  2.7
Dodging        | |  2.4
Unarmed Combat | |  2.9

Action                     || total
---------------------------++-------
  Melee: Unarmed           ||    47
   Stab: Sleeping          ||     1
 Armour: Robe              ||    18
  Dodge: Dodged            ||    15
  Block: Kite shield       ||    16

Table legend: (Time is in decaauts)
 A = Elapsed time spent in this place.
 B = Non-inter-level travel time spent in this place.
 C = Inter-level travel time spent in this place.
 D = Time resting spent in this place.
 E = Time spent auto-exploring this place.
 F = Levels seen in this place.
 G = Mean time per level.
                   A        B        C        D        E       F      G
               +--------+--------+--------+--------+--------+-----+--------+
         Total |    745 |    727 |     18 |      0 |    604 |   2 |  372.5 |
       Dungeon |    745 |    727 |     18 |      0 |    604 |   2 |  372.5 |
               +--------+--------+--------+--------+--------+-----+--------+

Top non-repeatable levels by time:
     D:1: 671 daAuts
     D:2: 74 daAuts
